 Dungeon Crawl Stone Soup version 0.27-a0-1090-gb115f176c6 (webtiles) character file.

Game seed: 1660637788246844053

4 siradein the Firebug (level 1, 13/13 HPs)
             Began as a Demonspawn Fire Elementalist on Apr 28, 2021.
             Quit the game on level 1 of the Dungeon.
             The game lasted 00:01:25 (164 turns).

siradein the Firebug (Demonspawn Fire Elementalist)  Turns: 164, Time: 00:01:25

Health: 13/13      AC:  2    Str:  8    XL:     1   Next: 50%
Magic:  3/3        EV: 12    Int: 16    God:
Gold:   0          SH:  0    Dex: 13    Spells: 3/4 levels left

rFire    . . .     SeeInvis .   (no weapon)
rCold    . . .     Faith    .   (no shield)
rNeg     . . .     Spirit   .   a - +0 robe
rPois    .         Reflect  .   (no helmet)
rElec    .         Harm     .   (no cloak)
rCorr    .         Rampage  .   (no gloves)
Will     .....                  (no boots)
Stlth    ++........             (no amulet)
HPRegen  0.04/turn              (no ring)
MPRegen  0.08/turn              (no ring)

@: no status effects
A: no striking features
a: no special abilities


You were on level 1 of the Dungeon.
You visited 1 branch of the dungeon, and saw 1 of its levels.

Inventory:

Armour
 a - a +0 robe (worn)


   Skills:
 - Level 1.7 Dodging
 - Level 1.7 Stealth
 + Level 2.1 Spellcasting
 + Level 1.2 Conjurations
 + Level 2.7 Fire Magic


You had 3 spell levels left.
You knew the following spells:

 Your Spells              Type           Power      Damage    Failure   Level
a - Foxfire               Conj/Fire      32%        2x1d5     9%          1

Your spell library contained the following spells:

 Spells                   Type           Power      Damage    Failure   Level
 Conjure Flame            Conj/Fire      8%         6-21      26%         3
 Inner Flame              Hex/Fire       6%         N/A       34%         3
 Sticky Flame             Conj/Fire      8%         2d3       65%         4
 Fireball                 Conj/Fire      4%         3d4       94%         5


Dungeon Overview and Level Annotations

Branches:
Dungeon (1/15)

Altars:


Message History

You conjure some foxfire!
A quokka comes into view.
The foxfire hits the kobold.
You kill the kobold!
Casting: Foxfire (safe; 10% risk of failure)
Press: ? - help, Q - select action Dir - look around, f - activate You conjure some foxfire!
What are your orders? t - Shout!
Orders for allies: a - Attack new target. r - Retreat! s - Stop attacking. g - Guard the area. f - Follow me.
Anything else - Cancel.
Gang up on whom?
Press: ? - help, Dir - move target, f - quokka
Aim: a quokka (asleep, ally target) Attack!
Your foxfire dissipates!
The foxfire hits the quokka.
The quokka is severely wounded.
Things that are here:
a +0 dagger; a kobold corpse
Casting: Foxfire (safe; 10% risk of failure)
Press: ? - help, Q - select action Dir - look around, f - activate You miscast Foxfire.
You are very lightly contaminated with residual magic.
Nothing appears to happen.
Your magical contamination has completely faded away.
You see here a bat corpse.
The quokka closely misses you.
Casting: Foxfire (safe; 10% risk of failure)
Press: ? - help, Q - select action Dir - look around, f - activate You conjure some foxfire!
The quokka misses you.
The foxfire hits the quokka.
You kill the quokka!
Your foxfire dissipates!
Things that are here:
a quokka corpse; a bat corpse Are you sure you want to abandon this character and quit the game? (Confirm with "yes".)

#...##r..##.# ♣♣8♣♣ ♣♣8♣♣
#..#.#...#.## ♣≈≈≈♣ ♣P≈≈♣
#.....###.## ♣≈≈≈♣♣≈≈≈♣♣≈≈≈♣
#...#....######♣.^.♣.(^.♣♣.^..
##....).#.....#♣...♣PP.. ♣P..P
###.####.....#♣♣.♣♣♣♣.♣♣♣♣.♣♣
#. #.....# ♣..♣♣........♣ #.
#.....###..♣♣......... #.
#....@.......P.......♣ ..
#....†...........<...♣
#####......P.........♣
#####.P♣♣P........
♣.P♣♣........♣ ♣.♣♣♣♣.♣♣♣♣.♣♣
..P♣P...♣♣P..P ♣.^.♣..^.♣♣.^.P
♣♣≈≈≈♣♣≈≈≈♣


There were no monsters in sight!

Vanquished Creatures
  A kobold (D:1)
  A quokka (D:1)
  A ball python (D:1)
  A bat (D:1)
4 creatures vanquished.

Vanquished Creatures (collateral kills)
  A foxfire (D:1)
1 creature vanquished.

Vanquished Creatures (others)
  11 foxfires (D:1)
11 creatures vanquished.

Grand Total: 16 creatures vanquished

Notes
Turn   | Place    | Note
-------+----------+-------------------------------------------
     0 | D:1      | siradein the Demonspawn Fire Elementalist began the quest
                  | for the Orb.
     0 | D:1      | Reached XP level 1. HP: 13/13 MP: 3/3
    98 | D:1      | Found a faded altar of an unknown god.
   164 | D:1      | Quit the game

Illustrated notes

Levels and vault maps discovered:
D:1:      psy_arrival_wood_between_worlds, layout_loops_cross,
          shapermc_ecumenical_altar_gd, kennysheep_nondescript,
          minmay_split_cup_large

Action                   || total
-------------------------++-------
 Cast: Foxfire           ||     7
Armor: Robe              ||     1
Dodge: Dodged            ||     2

Table legend: (Time is in decaauts)
 A = Elapsed time spent in this place.
 B = Non-inter-level travel time spent in this place.
 C = Inter-level travel time spent in this place.
 D = Time resting spent in this place.
 E = Time spent auto-exploring this place.
 F = Levels seen in this place.
 G = Mean time per level.
                   A        B        C        D        E       F      G
               +--------+--------+--------+--------+--------+-----+--------+
         Total |    164 |    164 |      0 |      0 |    125 |   1 |  164.0 |
       Dungeon |    164 |    164 |      0 |      0 |    125 |   1 |  164.0 |
               +--------+--------+--------+--------+--------+-----+--------+

Top non-repeatable levels by time:
     D:1: 164 daAuts
